[Event "*** SCC Grand Prix: Titled Tuesday Blitz"]
[Site "Chess.com"]
[Date "2020.06.23"]
[Round "2"]
[White "Haykoooo0o"]
[Black "dpopadic"]
[Result "0-1"]
[WhiteElo "2535"]
[BlackElo "2325"]
[TimeControl "180+1"]
[EndTime "10:21:11 PDT"]
[Termination "dpopadic won by checkmate"]

1. e4 c5 2. Nc3 Nc6 3. Bb5 Nd4 4. Nf3 e6 5. O-O Ne7 6. Re1 Nec6 7. Bf1 Be7 8. d3 O-O 9. Nxd4 cxd4 10. Ne2 d6 11. f4 a6 12. Ng3 b5 13. Qg4 Kh8 14. Bd2 Bd7 15. Kh1 Rc8 16. a3 e5 17. f5 f6 18. Nh5 Rg8 19. Be2 g6 20. Ng3 gxf5 21. Qh5 f4 22. Nf5 Qe8 23. Qh3 Bf8 24. Bh5 Qe6 25. Rf1 Ne7 26. g4 Nxf5 27.
gxf5 Qe7 28. Bg6 Rxc2 29. Bb4 Qg7 30. Rg1 Qh6 31. Qxh6 Bxh6 32. Bf7 Rg5 33. Bxd6 f3 34. h4 Rxg1+ 35. Rxg1 Rg2 36. Rxg2 fxg2+ 37. Kxg2 Bc1 38. b3 Kg7 39. Bd5 a5 40. Kg3 a4 41. bxa4 bxa4 42. Bc4 Be8 43. Kg4 h5+ 44. Kg3 Bc6 45. Kf3 Bd2 46.
Ke2 Bf4 47. Kf3 Bd2 48. Ba2 Be1 49. Bb1 Bxh4 50. Bc2 Be1 51. Ke2 Ba5 52. Kf3 Kh6 53.
Kg3 Bd8 54. Kh4 Be8 55. Bf8+ Kh7 56. Bd1 Kg8 57. Bb4 Bb5 58. Be2 Kf7 59. Kxh5 Be7 60.
Bxe7 Kxe7 61. Kg6 Be8+ 62. Kg7 Bb5 63. Kg8 Bd7 64. Bd1 Bb5 65. Bc2 Bd7 66. Kg7 Bb5 67.
Kg8 Bc6 68. Bb1 Bb5 69. Kg7 Bc6 70. Ba2 Bb5 71. Bb1 Bc6 72. Kg6 Bb5 73. Kh5 Be8+ 74. Kg4 Kf7 75. Bc2 Bb5 76. Bb1 Kg7 77. Ba2 Bxd3 78. Kf3 Bc2 79. Bd5 Kh6 80. Ke2 Kg5 81.
Kd2 Bb1 82. Bc6 Kf4 83. Bxa4 Bxe4 84. Bd7 Bb7 85. a4 e4 86. a5 Ba6 87. Bc6 e3+ 88.
Ke1 Kxf5 89. Bf3 Kf4 90. Be2 d3 91. Bd1 e2 92. Bb3 Ke3 93. Bc4 d2# 0-1

[Event "*** SCC Grand Prix: Titled Tuesday Blitz"]
[Site "Chess.com"]
[Date "2020.06.23"]
[Round "2"]
[White "szachuspl"]
[Black "vladislavkovalev"]
[Result "1-0"]
[WhiteElo "2588"]
[BlackElo "2899"]
[TimeControl "180+1"]
[EndTime "10:21:18 PDT"]
[Termination "szachuspl won by resignation"]

1. d4 Nf6 2. c4 e6 3. Nf3 d5 4. Nc3 Be7 5. Bf4 O-O 6. e3 b6 7. Bd3 Bb7 8. cxd5 exd5 9. Ne5 Nbd7 10. Qf3 Bd6 11. O-O Re8 12. Nxd7 Qxd7 13. Bxd6 Qxd6 14. Rac1 a6 15. a3 Re7 16. Qh3 g6 17. Qh4 Kg7 18. Rfd1 Rae8 19. Ne2 Ne4 20. Bxe4 Rxe4 21. Qg3 Qxg3 22.
Nxg3 R4e7 23. Rc3 Rd8 24. Rdc1 Rdd7 25. Ne2 f6 26. Nf4 Kf7 27. Nd3 a5 28. g3 Ba6 29.
Nf4 a4 30. h4 Bc4 31. Nd3 Re8 32. Ne1 Ke6 33. Nf3 Kd6 34. Nd2 b5 35. R3c2 Rde7 36. Nf3 Re6 37. Ne1 h6 38. Rc3 g5 39. hxg5 hxg5 40.
Nd3 Rh8 41. Kg2 Re7 42. Rh1 Rxh1 43. Kxh1 Rh7+ 44. Kg2 g4 45. Nf4 Rh8 46. Rc1 b4 47.
axb4 Rb8 48. Rc2 Rxb4 49. Rd2 Rb8 50. Nh5 Ke6 51. Nf4+ Kf5 52. Nh5 Rh8 53. Nf4 Ke4 54.
Rc2 Rb8 55. Rd2 Rb6 56. Rc2 Rb7 57. Rd2 Rb8 58. Rc2 Rb6 59. Rd2 Kf5 60. Rc2 Rb8 61. Rd2 Rh8 62. Rc2 c6 63. Rd2 Bb3 64. Re2 Bd1 65. Kg1 Bxe2 66. Nxe2 Ke4 67. Nc3+ Kf3 68.
Nxa4 Ra8 69. b3 Ke2 70. Kg2 Rb8 71. Nc5 Ra8 72. Nd7 Ra1 73. Nxf6 Rb1 74. Nxg4 Rxb3 75.
Ne5 Rb1 76. Ng6 Rf1 77. Nf4+ Ke1 78. Nh3 Ke2 79. g4 Rb1 80. g5 Rb8 81. Kg3 Rg8 82. Kg4 Kd3 83. Nf4+ Ke4 84. g6 Rf8 85. Kg5 Rf5+ 86. Kg4 Rf8 87. g7 Rg8 88. Nh5 Kd3 89.
Kf4 Ke2 90. f3 Kd3 91. e4 dxe4 92. fxe4 Kxd4 93. Kf5 c5 94. e5 c4 95. Nf4 c3 96.
Ne2+ Kc4 97. Kf6 Rc8 98. Nxc3 Kxc3 99. Kf7 Rc7+ 100. Kf6 Rc8 101. e6 Kd4 102. Kf7 Ke5 103. e7 Rc6 104. e8=Q+ 1-0

[Event "*** SCC Grand Prix: Titled Tuesday Blitz"]
[Site "Chess.com"]
[Date "2020.06.23"]
[Round "3"]
[White "MYMChessAcademy"]
[Black "zurzan"]
[Result "0-1"]
[WhiteElo "2243"]
[BlackElo "1938"]
[TimeControl "180+1"]
[EndTime "10:22:14 PDT"]
[Termination "zurzan won by resignation"]

1. e4 Nf6 2. e5 Nd5 3. d4 d6 4. Nf3 g6 5. exd6 cxd6 6. c4 Nb6 7. Nc3 Bg7 8. Be3 O-O 9. Be2 Nc6 10. d5 Ne5 11.
Nxe5 dxe5 12. Bd4 exd4 0-1

[Event "*** SCC Grand Prix: Titled Tuesday Blitz"]
[Site "Chess.com"]
[Date "2020.06.23"]
[Round "3"]
[White "biaf13"]
[Black "IM_Tissir"]
[Result "0-1"]
[WhiteElo "2020"]
[BlackElo "2473"]
[TimeControl "180+1"]
[EndTime "10:23:21 PDT"]
[Termination "IM_Tissir won by resignation"]

1. e4 c5 2. Nf3 d6 3. d4 cxd4 4.
Nxd4 Nf6 5. Nc3 a6 6. Be3 e6 7. Nb3 Be7 8. f3 O-O 9. Qd2 b5 10. O-O-O Bb7 11. g4 Nfd7 12. g5 Nb6 13. h4 N8d7 14.
h5 Rc8 15. Kb1 b4 16. Ne2 Nc4 17. Qc1 Nxe3 18. Qxe3 Bxg5 19. f4 Be7 20. h6 g6 21.
Bh3 Qc7 22. Qd2 Bxe4 0-1

[Event "*** SCC Grand Prix: Titled Tuesday Blitz"]
[Site "Chess.com"]
[Date "2020.06.23"]
[Round "3"]
[White "francyIM"]
[Black "kingofthenil"]
[Result "1-0"]
[WhiteElo "2601"]
[BlackElo "2392"]
[TimeControl "180+1"]
[EndTime "10:23:35 PDT"]
[Termination "francyIM won by resignation"]

1. d4 Nf6 2. c4 c5 3. d5 e6 4. Nc3 exd5 5. cxd5 d6 6. e4 g6 7. f4 Bg7 8. Bb5+ Nfd7 9. a4 O-O 10.
Nf3 Na6 11. O-O Nb4 12. h3 a6 13. Bc4 Re8 14. Re1 f5 15. e5 dxe5 16. d6+ 1-0

[Event "*** SCC Grand Prix: Titled Tuesday Blitz"]
[Site "Chess.com"]
[Date "2020.06.23"]
[Round "3"]
[White "GigaQuparadze"]
[Black "szachuspl"]
[Result "1-0"]
[WhiteElo "2819"]
[BlackElo "2585"]
[TimeControl "180+1"]
[EndTime "10:23:37 PDT"]
[Termination "GigaQuparadze won by resignation"]

1. e4 c5 2. Nf3 e6 3. d4 cxd4 4. Nxd4 Nc6 5. Nc3 a6 6. Nxc6 bxc6 7. e5 d5 8. exd6 Bxd6 9. Ne4 Be7 10. Qxd8+ Kxd8 11. Bf4 Nf6 12. O-O-O+ Bd7 13. Nxf6 gxf6 14. Be2 e5 15.
Bg4 exf4 16. Rxd7+ 1-0

[Event "*** SCC Grand Prix: Titled Tuesday Blitz"]
[Site "Chess.com"]
[Date "2020.06.23"]
[Round "3"]
[White "Karacsonyi_Gellert"]
[Black "KoustavChatterjee1"]
[Result "1-0"]
[WhiteElo "2497"]
[BlackElo "2744"]
[TimeControl "180+1"]
[EndTime "10:23:44 PDT"]
[Termination "Karacsonyi_Gellert won by resignation"]

1. e4 e5 2. Nf3 Nc6 3. Bb5 Nf6 4. O-O Nxe4 5. d4 Nd6 6. dxe5 Nxb5 7. a4 Nbd4 8. Nxd4 d5 9. exd6 Bxd6 10. Re1+ Ne7 11.
Nc3 O-O 12. Bg5 f6 13. Bh4 Nf5 14. Nxf5 Bxf5 15. Qd5+ 1-0

[Event "*** SCC Grand Prix: Titled Tuesday Blitz"]
[Site "Chess.com"]
[Date "2020.06.23"]
[Round "3"]
[White "davigator"]
[Black "j2806"]
[Result "0-1"]
[WhiteElo "2300"]
[BlackElo "2069"]
[TimeControl "180+1"]
[EndTime "10:24:11 PDT"]
[Termination "j2806 won by resignation"]

1. e4 c5 2. Nf3 d6 3. d4 cxd4 4. Nxd4 Nf6 5. Nc3 a6 6. Bg5 e6 7. f4 Be7 8. Qd2 Qc7 9. O-O-O Nbd7 10. Be2 b5 11. Bxb5 axb5 12. Ndxb5 Qb6 13. Nxd6+ Bxd6 14. Qxd6 Qxd6 15. Rxd6 h6 16. Bxf6 Nxf6 17. Rhd1 O-O 18. e5 Ng4 19. h3 Ne3 20. Rg1 Bb7 21. g3 Nd5 22. Nxd5 Bxd5 23. b3 Rxa2 24. Kb1 Rfa8 25.
c4 Ra1+ 0-1

[Event "*** SCC Grand Prix: Titled Tuesday Blitz"]
[Site "Chess.com"]
[Date "2020.06.23"]
[Round "3"]
[White "ArnieChipmunk"]
[Black "Ovsiannikov_Maxim"]
[Result "1-0"]
[WhiteElo "2342"]
[BlackElo "2114"]
[TimeControl "180+1"]
[EndTime "10:24:18 PDT"]
[Termination "ArnieChipmunk won by resignation"]

1. e4 Nc6 2. Nf3 e6 3. d4 d5 4. e5 f6 5. Bb5 Bd7 6. Bxc6 Bxc6 7. O-O Be7 8. b3 Qd7 9. Ba3 O-O-O 10. Bxe7 Nxe7 11. Re1 h6 12. Qe2 f5 13. c4 dxc4 14. bxc4 Bxf3 15. Qxf3 Qxd4 16. Nc3 g5 17. Rab1 Nc6 18.
Nb5 Qd3 19. Nxa7+ Nxa7 20. Qxb7+ Kd7 21. Rbd1 Qxd1 22. Rxd1+ Ke7 23. Qxc7+ 1-0

[Event "*** SCC Grand Prix: Titled Tuesday Blitz"]
[Site "Chess.com"]
[Date "2020.06.23"]
[Round "3"]
[White "Leonid_Starozhilov"]
[Black "JoliyRoger"]
[Result "1-0"]
[WhiteElo "2727"]
[BlackElo "2234"]
[TimeControl "180+1"]
[EndTime "10:24:37 PDT"]
[Termination "Leonid_Starozhilov won by resignation"]

1. e4 c6 2. d3 d5 3. Nd2 e5 4. Ngf3 Bd6 5. d4 exd4 6. exd5 cxd5 7. Bb5+ Nc6 8. O-O Ne7 9. Nb3 O-O 10. Nbxd4 Bg4 11.
Be2 Nxd4 12. Nxd4 Bxe2 13. Qxe2 Nc6 14. Nf5 Be5 15. c3 d4 16. cxd4 Nxd4 17. Qxe5 1-0

[Event "*** SCC Grand Prix: Titled Tuesday Blitz"]
[Site "Chess.com"]
[Date "2020.06.23"]
[Round "3"]
[White "ALEXJR20"]
[Black "Stormeman100100"]
[Result "1/2-1/2"]
[WhiteElo "2213"]
[BlackElo "2479"]
[TimeControl "180+1"]
[EndTime "10:24:41 PDT"]
[Termination "Game drawn by agreement"]

1. d4 Nf6 2. Nf3 g6 3. Nc3 Bg7 4. Bf4 d5 5. e3 O-O 6. Be2 c6 7. h3 Bf5 8. O-O Ne4 9. Nh4 Nxc3 10. bxc3 Be6 11. Bh2 b5 12. a4 bxa4 13. Rxa4 Nd7 14. Qa1 a5 15. Nf3 Ra7 16. Qa2 c5 17. Ra1 cxd4 18.
cxd4 Qc8 19. Bd3 Nb6 20. Rxa5 Rxa5 21. Qxa5 Nc4 22. Qa7 1/2-1/2

[Event "*** SCC Grand Prix: Titled Tuesday Blitz"]
[Site "Chess.com"]
[Date "2020.06.23"]
[Round "3"]
[White "XDPS"]
[Black "MasterKroket"]
[Result "1-0"]
[WhiteElo "2674"]
[BlackElo "2417"]
[TimeControl "180+1"]
[EndTime "10:24:46 PDT"]
[Termination "XDPS won by resignation"]

1. d4 Nf6 2. Bf4 e6 3. e3 c5 4. Nf3 Nc6 5. c3 Be7 6. Nbd2 O-O 7. Bd3 d6 8. dxc5 dxc5 9. Qe2 Nd5 10. Bg3 Bf6 11. e4 Nb6 12. e5 Be7 13. Rd1 Qc7 14. h4 h6 15. Qe4 g6 16. h5 Kg7 17.
hxg6 f5 18. exf6+ Bxf6 19. Bxc7 1-0

[Event "*** SCC Grand Prix: Titled Tuesday Blitz"]
[Site "Chess.com"]
[Date "2020.06.23"]
[Round "3"]
[White "AGW2016"]
[Black "MoreChessJulia"]
[Result "1-0"]
[WhiteElo "2233"]
[BlackElo "1759"]
[TimeControl "180+1"]
[EndTime "10:24:47 PDT"]
[Termination "AGW2016 won by resignation"]

1. d4 g6 2. e4 Bg7 3. Nc3 c5 4. d5 d6 5. f4 a6 6. a4 h5 7. Nf3 Bg4 8. Bd3 Nd7 9. O-O Nh6 10. h3 Bxf3 11. Qxf3 f5 12. Bd2 O-O 13. Qg3 Qe8 14. Rae1 fxe4 15. Nxe4 Qf7 16. Ng5 Qxd5 17. Ne6 Bd4+ 18. Kh1 Rf6 19. Nxd4 Qxd4 20. Rxe7 Nf8 21. Bc3 1-0

[Event "*** SCC Grand Prix: Titled Tuesday Blitz"]
[Site "Chess.com"]
[Date "2020.06.23"]
[Round "3"]
[White "2008king"]
[Black "Haykoooo0o"]
[Result "1-0"]
[WhiteElo "2222"]
[BlackElo "2521"]
[TimeControl "180+1"]
[EndTime "10:24:51 PDT"]
[Termination "2008king won by resignation"]

1. e4 e5 2. Nf3 Nc6 3. d4 exd4 4. Nxd4 Nf6 5. Nxc6 bxc6 6. e5 Qe7 7. Qe2 Nd5 8.
h4 a5 9. c4 Nb6 10. g3 Ba6 11. b3 a4 12. Bb2 Qe6 13. Bg2 Bb4+ 14. Nd2 a3 15. Bd4 O-O 16. O-O d5 17. Bxb6 cxb6 18.
Rac1 Rad8 19. Rfd1 d4 20. Qe4 Bc3 21. Qxc6 Qxc6 22.
Bxc6 d3 23. Rxc3 1-0

[Event "*** SCC Grand Prix: Titled Tuesday Blitz"]
[Site "Chess.com"]
[Date "2020.06.23"]
[Round "3"]
[White "fabianvivasz"]
[Black "TheLawAdv"]
[Result "1-0"]
[WhiteElo "2285"]
[BlackElo "2012"]
[TimeControl "180+1"]
[EndTime "10:24:52 PDT"]
[Termination "fabianvivasz won by resignation"]

1. e4 c5 2. Nc3 d6 3. f4 e6 4. Nf3 g6 5. d4 cxd4 6. Qxd4 Nf6 7. e5 dxe5 8. Qxd8+ Kxd8 9. Nxe5 Ke8 10. Bb5+ Nbd7 11. Be3 a6 12. Bxd7+ Nxd7 13. O-O-O Nxe5 14. fxe5 Bd7 15. Ne4 Bc6 16. Nf6+ 1-0

[Event "*** SCC Grand Prix: Titled Tuesday Blitz"]
[Site "Chess.com"]
[Date "2020.06.23"]
[Round "3"]
[White "MF1966Idrisov"]
[Black "kinga2008"]
[Result "1-0"]
[WhiteElo "2348"]
[BlackElo "2155"]
[TimeControl "180+1"]
[EndTime "10:24:55 PDT"]
[Termination "MF1966Idrisov won by resignation"]

1. d4 c5 2. Nf3 cxd4 3. Nxd4 d6 4. b3 g6 5. Bb2 Bg7 6. g3 Nf6 7. Bg2 O-O 8. O-O e5 9. Nb5 Ne8 10. c4 Nc6 11. e3 a6 12. N5c3 Be6 13. Nd5 Nc7 14.
Nbc3 f5 15. Qd2 f4 16. exf4 exf4 17. Nxf4 Nd4 18. Nxe6 Ncxe6 19. f4 Qb6 20. Kh1 Rad8 21. Nd5 Qc5 22. Rae1 Rfe8 23. Bh3 b5 24. Bxe6+ Rxe6 25. Bxd4 1-0

[Event "*** SCC Grand Prix: Titled Tuesday Blitz"]
[Site "Chess.com"]
[Date "2020.06.23"]
[Round "3"]
[White "enzovsky"]
[Black "AleksibFan"]
[Result "1-0"]
[WhiteElo "2330"]
[BlackElo "2497"]
[TimeControl "180+1"]
[EndTime "10:24:56 PDT"]
[Termination "enzovsky won by resignation"]

1. e4 d6 2. d4 Nf6 3. Nc3 Nbd7 4. g4 h6 5. h4 e5 6. d5 c6 7. Bg2 cxd5 8. exd5 b5 9. g5 hxg5 10. hxg5 Rxh1 11.
Bxh1 b4 12. Na4 Ng8 13. b3 Ne7 14. a3 Qa5 15. Bd2 Nxd5 16. axb4 Nxb4 17. Bxa8 1-0

[Event "*** SCC Grand Prix: Titled Tuesday Blitz"]
[Site "Chess.com"]
[Date "2020.06.23"]
[Round "3"]
[White "vitnik2020"]
[Black "sertalzin"]
[Result "1-0"]
[WhiteElo "2298"]
[BlackElo "2014"]
[TimeControl "180+1"]
[EndTime "10:24:57 PDT"]
[Termination "vitnik2020 won by resignation"]

1. d4 d5 2. c4 c6 3. Nf3 Nf6 4. e3 e6 5. b3 g6 6. Bd3 Bg7 7. Ba3 Bf8 8. Bb2 Bg7 9. O-O O-O 10.
Nc3 b6 11. e4 dxe4 12. Nxe4 Nxe4 13. Bxe4 Bb7 14. Ne5 Qc8 15. Qf3 Nd7 16. Nxc6 Bxc6 17. Bxc6 Rb8 18. Rad1 a6 19. Ba3 Re8 20. Bd6 b5 21.
Bxb8 1-0

[Event "*** SCC Grand Prix: Titled Tuesday Blitz"]
[Site "Chess.com"]
[Date "2020.06.23"]
[Round "3"]
[White "CarlssonLudvig"]
[Black "tigra"]
[Result "0-1"]
[WhiteElo "2446"]
[BlackElo "2777"]
[TimeControl "180+1"]
[EndTime "10:25:02 PDT"]
[Termination "tigra won by resignation"]

1. Nf3 d5 2. g3 Nf6 3. Bg2 Bf5 4. b3 e6 5. Bb2 h6 6. O-O Be7 7. c4 O-O 8. d3 a5 9. Nc3 Nc6 10.
d4 Ne4 11. e3 a4 12. cxd5 a3 13. Nxe4 axb2 14. Rb1 exd5 15. Nc3 Bxb1 16. Qxb1 Ba3 17. Ne1 Nb4 18. Nc2 Nxc2 19. Qxc2 c6 20. Nd1 Qa5 0-1

[Event "*** SCC Grand Prix: Titled Tuesday Blitz"]
[Site "Chess.com"]
[Date "2020.06.23"]
[Round "3"]
[White "ruslansezdbekov"]
[Black "crossingthestreet"]
[Result "1-0"]
[WhiteElo "2572"]
[BlackElo "2383"]
[TimeControl "180+1"]
[EndTime "10:25:05 PDT"]
[Termination "ruslansezdbekov won by resignation"]

1. e4 e6 2. d4 d5 3. e5 c5 4. c3 Nc6 5. Nf3 Bd7 6. a3 f6 7. exf6 Nxf6 8. Bd3 cxd4 9. cxd4 Bd6 10. O-O O-O 11. Nc3 a6 12. Bg5 Qc7 13. h3 Rae8 14.
Rc1 Bc8 15. Re1 g6 16. Bxf6 Rxf6 17. Nxd5 exd5 18. Rxe8+ Kf7 19. Qe2 Bd7 20. Re3 Nxd4 21. Qd1 Nxf3+ 22. Rxf3 Qd8 23. Be2 Bc6 24. Rcc3 Kg7 25.
Qd4 Qe7 26. Rce3 Qf7 27. g4 Bf4 28. Rxf4 1-0

[Event "*** SCC Grand Prix: Titled Tuesday Blitz"]
[Site "Chess.com"]
[Date "2020.06.23"]
[Round "3"]
[White "louis198"]
[Black "youngKID"]
[Result "0-1"]
[WhiteElo "2503"]
[BlackElo "2754"]
[TimeControl "180+1"]
[EndTime "10:25:07 PDT"]
[Termination "youngKID won by resignation"]

1. d4 Nf6 2. Bf4 g6 3. e3 Bg7 4. h3 O-O 5. Nf3 c5 6. Nbd2 d6 7. Be2 Nc6 8. O-O cxd4 9. exd4 Qc7 10. Bh2 Re8 11. c4 Nd7 12. Nb3 e5 13. d5 Na5 14.
Nxa5 Qxa5 15. a3 e4 16. b4 exf3 17. bxa5 fxe2 18. Qa4 Bxa1 0-1

[Event "*** SCC Grand Prix: Titled Tuesday Blitz"]
[Site "Chess.com"]
[Date "2020.06.23"]
[Round "3"]
[White "Vaathi_Coming"]
[Black "Sven_Tica"]
[Result "1-0"]
[WhiteElo "2856"]
[BlackElo "2643"]
[TimeControl "180+1"]
[EndTime "10:25:26 PDT"]
[Termination "Vaathi_Coming won by resignation"]

1. g3 d5 2. Nf3 Nf6 3. Bg2 e6 4. d4 Be7 5. O-O O-O 6. Ne5 c5 7. dxc5 Bxc5 8. c4 Nc6 9. Nd3 Be7 10. cxd5 Nxd5 11. Nc3 Nxc3 12. bxc3 Bf6 13. Ba3 Re8 14. Qa4 Qc7 15. Rab1 Rd8 16. Rfd1 Na5 17. Nc5 Rxd1+ 18. Rxd1 Be7 19. Qe8+ Bf8 20. Rd8 1-0

[Event "*** SCC Grand Prix: Titled Tuesday Blitz"]
[Site "Chess.com"]
[Date "2020.06.23"]
[Round "3"]
[White "RitvarsReimanis"]
[Black "Godzillator"]
[Result "0-1"]
[WhiteElo "2543"]
[BlackElo "2385"]
[TimeControl "180+1"]
[EndTime "10:25:26 PDT"]
[Termination "Godzillator won by resignation"]

1. d4 d5 2. c4 c6 3. Nf3 Nf6 4. e3 Bf5 5. Nc3 a6 6. Bd2 h6 7. Qb3 b5 8. cxd5 cxd5 9. a4 b4 10. Qxb4 Nc6 11. Qb7 Na5 12. Bb5+ axb5 13. Qxb5+ Bd7 14.
Qd3 Nb3 15. Ra2 Nxd2 16. Qxd2 e6 17. O-O Bb4 18. Ne5 O-O 19. Nd3 Bxc3 20. bxc3 Rxa4 21. Rc2 Bb5 22. Rfc1 Bxd3 23. Qxd3 Rc4 24. f3 Qc7 25. e4 dxe4 26. fxe4 Rc8 27. h3 Qc6 0-1

[Event "*** SCC Grand Prix: Titled Tuesday Blitz"]
[Site "Chess.com"]
[Date "2020.06.23"]
[Round "3"]
[White "AungTZ"]
[Black "Mikhal867"]
[Result "0-1"]
[WhiteElo "2075"]
[BlackElo "2321"]
[TimeControl "180+1"]
[EndTime "10:25:27 PDT"]
[Termination "Mikhal867 won by resignation"]

1. e4 g6 2. d4 Bg7 3. Nc3 d6 4. Be2 a6 5. h4 h5 6. Nf3 b5 7. a3 Nf6 8. Bf4 Bb7 9. Ng5 Nc6 10. e5 dxe5 11. dxe5 Ng4 12. e6 f5 13. Nf7 Qxd1+ 14. Rxd1 O-O 15. Rd7 Nd4 16. Bd1 Nxe6 17. Ng5 Nxf4 0-1

[Event "*** SCC Grand Prix: Titled Tuesday Blitz"]
[Site "Chess.com"]
[Date "2020.06.23"]
[Round "3"]
[White "vugarrasulov"]
[Black "Smile2005"]
[Result "1-0"]
[WhiteElo "2808"]
[BlackElo "2536"]
[TimeControl "180+1"]
[EndTime "10:25:32 PDT"]
[Termination "vugarrasulov won by resignation"]

1. e4 c6 2. Nc3 d5 3. Qf3 d4 4. Bc4 e6 5. Nce2 g6 6. d3 Bg7 7.
h4 h5 8. Bg5 Qb6 9. O-O-O Nd7 10. Qg3 Ne5 11. Bb3 a5 12. a3 a4 13. Ba2 c5 14. Nf3 Nxf3 15. Qxf3 Bd7 16. Kb1 Qc6 17. Rhe1 b5 18. Nf4 b4 19. axb4 cxb4 20. Bd5 Qa6 21.
Bxa8 Qxa8 22. Nd5 exd5 23. exd5+ Kf8 24. Qf4 Qa6 25. Qc7 1-0

[Event "*** SCC Grand Prix: Titled Tuesday Blitz"]
[Site "Chess.com"]
[Date "2020.06.23"]
[Round "3"]
[White "korbul"]
[Black "PavelChernomordik"]
[Result "1-0"]
[WhiteElo "2510"]
[BlackElo "2300"]
[TimeControl "180+1"]
[EndTime "10:25:32 PDT"]
[Termination "korbul won by resignation"]

1. e4 g6 2. d4 Bg7 3. Nc3 d6 4. Bg5 h6 5. Be3 a6 6. a4 b6 7. Bd3 Bb7 8. Nf3 c5 9. d5 Nf6 10. h3 O-O 11. O-O Qc7 12. Nd2 e5 13. Nc4 Nbd7 14.
Qd2 Kh7 15. f4 exf4 16. Rxf4 Nh5 17. Rh4 Bf6 18. Rxh5 gxh5 19. e5+ Kh8 20. exf6 b5 21. Bd4 1-0

[Event "*** SCC Grand Prix: Titled Tuesday Blitz"]
[Site "Chess.com"]
[Date "2020.06.23"]
[Round "3"]
[White "Alexandercs432"]
[Black "Boninknights"]
[Result "1/2-1/2"]
[WhiteElo "2094"]
[BlackElo "2323"]
[TimeControl "180+1"]
[EndTime "10:25:36 PDT"]
[Termination "Game drawn by repetition"]

1. e4 c5 2. Nf3 Nc6 3. d4 cxd4 4. Nxd4 e5 5. Nb5 d6 6. N1c3 a6 7. Na3 Be6 8. Nc4 Rc8 9. Nd5 Nb4 10. Nxb4 Bxc4 11. Bxc4 Rxc4 12. Nd5 Rxe4+ 13. Be3 Nf6 14. Nxf6+ Qxf6 15. O-O Qe6 16. b3 d5 17. Qd3 Be7 18. c4 Rg4 19. cxd5 Rxg2+ 20. Kxg2 Qg4+ 21.
Kh1 Qf3+ 22. Kg1 Qg4+ 23. Kh1 Qf3+ 24. Kg1 Qg4+ 25. Kh1 1/2-1/2

[Event "*** SCC Grand Prix: Titled Tuesday Blitz"]
[Site "Chess.com"]
[Date "2020.06.23"]
[Round "3"]
[White "Cubitas"]
[Black "Aleksandar-Topalov"]
[Result "1-0"]
[WhiteElo "2555"]
[BlackElo "2366"]
[TimeControl "180+1"]
[EndTime "10:25:42 PDT"]
[Termination "Cubitas won by resignation"]

1. e4 e6 2. d4 d5 3. Nc3 Bb4 4. exd5 exd5 5. Bd3 Ne7 6. a3 Bxc3+ 7. bxc3 Bf5 8. Qf3 Qd7 9. Ne2 O-O 10. a4 Nbc6 11.
Ba3 Bxd3 12. cxd3 Qf5 13. Qxf5 Nxf5 14. Bxf8 Rxf8 15. Kd2 Nh4 16. Rhg1 Na5 17. Rab1 b6 18. Nf4 c6 19. Rbe1 c5 20. dxc5 bxc5 21. Nxd5 Rd8 22. Kc2 Kf8 23. Ne3 g6 24. Rb1 a6 25. Rb6 1-0

[Event "*** SCC Grand Prix: Titled Tuesday Blitz"]
[Site "Chess.com"]
[Date "2020.06.23"]
[Round "3"]
[White "UKR_Master"]
[Black "Azoulas1"]
[Result "1-0"]
[WhiteElo "2311"]
[BlackElo "2026"]
[TimeControl "180+1"]
[EndTime "10:26:05 PDT"]
[Termination "UKR_Master won by checkmate"]

1. e4 c5 2. Nf3 e6 3. c3 Nf6 4. e5 Nd5 5. d4 cxd4 6. cxd4 b6 7. Bc4 Bb7 8. Bxd5 Bxd5 9. Nc3 Bb4 10. O-O Bxc3 11. bxc3 Qc8 12. Ba3 Nc6 13. Qe2 Na5 14. Nd2 Nc4 15. Nxc4 Bxc4 16. Qg4 g6 17. Qf3 Qc6 18. Qf6 d6 19. Qxh8+ Kd7 20. Qf6 Bxf1 21. Qxf7+ Kc8 22. Rxf1 dxe5 23. dxe5 Rb8 24. Rd1 a5 25.
Bd6 Ra8 26. Qxe6+ Kb7 27. Qf7+ Ka6 28. e6 Rd8 29. e7 Rxd6 30. Rxd6 Qxd6 31. Qc4+ b5 32. Qe2 a4 33. e8=Q Qc5 34. Q2e6+ Ka7 35. Q8d7+ Kb8 36. Qee8+ Qc8 37. Qexc8# 1-0

[Event "*** SCC Grand Prix: Titled Tuesday Blitz"]
[Site "Chess.com"]
[Date "2020.06.23"]
[Round "3"]
[White "PlayChessSimple"]
[Black "Kezin_Roman"]
[Result "0-1"]
[WhiteElo "2526"]
[BlackElo "2785"]
[TimeControl "180+1"]
[EndTime "10:26:11 PDT"]
[Termination "Kezin_Roman won by resignation"]

1. e4 c5 2. Nf3 e6 3. c3 d5 4. e5 d4 5. d3 Nc6 6. g3 Nge7 7.
Bg2 Nf5 8. O-O Be7 9. Na3 O-O 10. Nc4 b5 11. Nd6 Bxd6 12. exd6 Bb7 13. cxd4 cxd4 14. Bf4 Nxd6 15. Rc1 Rc8 16. Ng5 h6 17. Bxd6 Qxd6 18. Ne4 Qe7 19. Nc5 Ba8 20. Qb3 Ne5 21. Bxa8 Rxc5 22.
Qb4 Nxd3 23. Qxd4 Rxc1 24. Rxc1 Nxc1 25. Be4 Ne2+ 0-1

[Event "*** SCC Grand Prix: Titled Tuesday Blitz"]
[Site "Chess.com"]
[Date "2020.06.23"]
[Round "3"]
[White "DenishevM"]
[Black "dpopadic"]
[Result "0-1"]
[WhiteElo "2508"]
[BlackElo "2337"]
[TimeControl "180+1"]
[EndTime "10:26:11 PDT"]
[Termination "dpopadic won by resignation"]

1. d4 Nf6 2. c4 g6 3. g3 Bg7 4. Bg2 d6 5. Nf3 O-O 6. Nc3 Nbd7 7. O-O e5 8. e4 exd4 9. Nxd4 Re8 10.
Re1 a6 11. b3 Rb8 12. Bf4 Nh5 13. Be3 c5 14. Nde2 Ne5 15. h3 b5 16. cxb5 axb5 17. Rc1 b4 18. Nd5 Ba6 19. Nef4 Nxf4 20. gxf4 Nd3 21. Bf1 Nxc1 22. Bxa6 Nxa2 23. f3 Nc3 24. Qd3 Nxd5 25. Qxd5 Qh4 26. Re2 Ra8 27. Ra2 Qg3+ 28.
Kf1 Qxf3+ 29. Bf2 Bd4 30. Bc4 Qh1+ 0-1

[Event "*** SCC Grand Prix: Titled Tuesday Blitz"]
[Site "Chess.com"]
[Date "2020.06.23"]
[Round "3"]
[White "ChessicallyInclined"]
[Black "baby_leo"]
[Result "1-0"]
[WhiteElo "2470"]
[BlackElo "1968"]
[TimeControl "180+1"]
[EndTime "10:26:17 PDT"]
[Termination "ChessicallyInclined won by resignation"]

1. d4 Nf6 2. c4 d6 3. Nc3 Nbd7 4.
f3 e5 5. d5 Be7 6. e4 O-O 7. Be3 c6 8. Nge2 a5 9. Qd2 Qc7 10. g4 Ne8 11. h4 Nc5 12. Ng3 a4 13.
h5 Rb8 14. g5 b5 15. dxc6 bxc4 16. Nd5 Qa7 17. c7 Rb7 18. Nxe7+ Kh8 19. Nxc8 Qa8 20. Nxd6 Nxd6 21. Bxc5 Rxc7 22. Bxd6 1-0

[Event "*** SCC Grand Prix: Titled Tuesday Blitz"]
[Site "Chess.com"]
[Date "2020.06.23"]
[Round "3"]
[White "davidkalashian"]
[Black "SilviusTiberius"]
[Result "1-0"]
[WhiteElo "2643"]
[BlackElo "2413"]
[TimeControl "180+1"]
[EndTime "10:26:18 PDT"]
[Termination "davidkalashian won by resignation"]

1. d4 Nf6 2. c4 g6 3. Nc3 Bg7 4. e4 d6 5. Be2 O-O 6. Bg5 c5 7. d5 h6 8. Bf4 e6 9. dxe6 Bxe6 10. Qd2 Qb6 11. Bxh6 Bxh6 12. Qxh6 Qxb2 13. Rc1 Re8 14. h4 Nh7 15. Nf3 Nc6 16. h5 g5 17. O-O Nd4 18. Nxg5 Nxe2+ 19. Nxe2 Nxg5 20. Qxg5+ Qg7 21. Qf4 Kh8 22. Rc3 Rg8 23. Rg3 Qh7 24. Qf6+ Rg7 25. h6 1-0